 Dungeon Crawl Stone Soup version 0.31-a0-175-g9f7f995f2b (webtiles) character file.

Game seed: 9358641863907121262

869 qw the Skirmisher (level 8, -3/49 HPs)
             Began as a Gargoyle Hunter on June 16, 2023.
             Was an Initiate of Okawaru.
             Slain by a killer bee (4 damage)
             ... on level 7 of the Dungeon.
             The game lasted 00:01:56 (5080 turns).

qw the Skirmisher (Gargoyle Hunter)                 Turns: 5080, Time: 00:01:57

Health: -3/49      AC:  9    Str: 16    XL:     8   Next: 3%
Magic:  8/8        EV: 17    Int:  9    God:    Okawaru [......]
Gold:   263        SH:  5    Dex: 15    Spells: 7/7 levels left

rFire   + . .        Y - +0 shortbow
rCold   . . .        (shield currently unavailable)
rNeg    + . .        c - +0 leather armour {rF+}
rPois   inf          (no helmet)
rElec   +            (no cloak)
rCorr   .            l - +0 pair of gloves
SInv    .            (no boots)
Will    +....        e - amulet of reflection
Stlth   ++           b - +5 ring of evasion
HPRegen 0.28/turn    n - ring of willpower
MPRegen 0.11/turn

%: reflection
@: no status effects
A: sickness immunity, AC +5, negative energy resistance 1, electricity
resistance, torment resistance 1, petrification resistance
a: Renounce Religion


You were on level 7 of the Dungeon.
You worshipped Okawaru.
Okawaru was noncommittal.
You visited 2 branches of the dungeon, and saw 8 of its levels.

You collected 263 gold pieces.


Innate Abilities, Weirdness & Mutations

You are immune to sickness and miasma.
Your stone body is resilient. (AC +5)
You are immune to poison.
You resist negative energy. (rN+)
You are resistant to electric shocks. (rElec)
You are resistant to unholy torment.
You are immune to petrification.


   Skills:
 - Level 5.2 Fighting
 + Level 8.2 Ranged Weapons
 - Level 1.0 Armour
 - Level 2.3 Dodging
 - Level 1.1 Stealth


You had 7 spell levels left.
You didn't know any spells.
Your spell library was empty.

Inventory:

Hand Weapons
 Y - a +0 shortbow (weapon)
Armour
 a - a +0 ring mail of poison resistance
 c - a +0 leather armour of fire resistance (worn)
 l - a +0 pair of gloves (worn)
Jewellery
 b - a +5 ring of evasion (left hand)
 e - an amulet of reflection (around neck)
 n - a ring of willpower (right hand)
Scrolls
 i - a scroll of identify
Potions
 f - a potion of haste
 g - a potion of berserk rage {unknown}
 h - 2 potions of curing
 j - a potion of brilliance {unknown}
 k - a potion of attraction {unknown}
 m - a potion of mutation {unknown}
 o - a potion of heal wounds {unknown}

Dungeon Overview and Level Annotations

Branches:
Dungeon (7/15)             Temple (1/1) D:5

Altars:
Ashenzari
Cheibriados
Dithmenos
Elyvilon
Fedhas
Gozag
Hepliaklqana
Kikubaaqudgha
Makhleb
Nemelex Xobeh
Okawaru
Qazlal
Ru
Trog
Uskayaw
Vehumet
Wu Jian
Xom
Yredelemnul
Zin
The Shining One


Message History

The orc is moderately wounded.
You hear a shout!
You hear an angry growl.
An orc comes into view. It is wielding a +0 club.
You shoot an arrow. The orc shouts!
The arrow hits the killer bee.
The killer bee is moderately wounded.
The killer bee misses you.
An orc comes into view. It is wielding a +0 dagger.
You shoot an arrow. The killer bee buzzes angrily.
The arrow hits the killer bee but does no damage.
The killer bee is moderately wounded.
You hear an angry buzzing noise.
You block the killer bee's attack.
The killer bee stings you but does no damage.
You shoot an arrow. The arrow hits the killer bee.
The killer bee is heavily wounded.
The killer bee stings you but does no damage.
The killer bee misses you.
You shoot an arrow.
The arrow completely misses the killer bee.
The arrow hits the killer bee but does no damage.
The orc wizard misses you.
An orc comes into view. It is wielding a +0 flail.
You shoot an arrow. The arrow hits the killer bee.
The killer bee is moderately wounded.
You block the killer bee's attack. The killer bee barely misses you.
The killer bee closely misses you. The killer bee stings you.
The orc wizard misses you.
A black bear comes into view.
You shoot an arrow. The arrow barely misses the killer bee.
The killer bee closely misses you. x2; The killer bee stings you.
The killer bee closely misses you. The killer bee barely misses you.
The killer bee stings you but does no damage.
An orc comes into view. It is wielding a +0 hand axe.
You block the orc wizard's attack.
You shoot an arrow. The arrow barely misses the killer bee.
The killer bee stings you.
You die...

#.o .#..# ..o##
#h...# ##.o..#
##o...##
.##yo....#
#$#y@....#
####yoy..#.##
........#.##
#.##...####
####.##....#.##
#.........)...#
##.##.###.y#
#...#...#.y#
#......{.#


You could see a black bear, 4 killer bees, an orc wizard and 5 orcs.

Vanquished Creatures
  A phantom (D:5)
  5 scorpions
  A bullfrog (D:5)
  A howler monkey (D:5)
  A hound (D:4)
  An orc priest (D:7)
  An iron imp (D:4)
  2 iguanas (D:6)
  Natasha (twice) (D:4)
  8 adders
  3 gnolls (D:5)
  A shadow imp (D:6)
  A white imp (D:6)
  2 ufetubi
  7 worms
  9 orcs
  8 ball pythons
  3 endoplasms
  A giant cockroach (D:1)
  5 goblins
  5 hobgoblins
  3 jackals (D:1)
  4 quokkas
  4 bats
  2 frilled lizards
  2 kobolds
  4 rats
87 creatures vanquished.

Notes
Turn   | Place    | Note
-------+----------+-------------------------------------------
     0 | D:1      | qw the Gargoyle Hunter began the quest for the Orb.
     0 | D:1      | Reached XP level 1. HP: 12/12 MP: 1/1
     0 | D:1      | 0 ||| qw: Version: 0.2-a-29-g511e9b1
     0 | D:1      | 0 ||| qw: Game counter: 5760
     0 | D:1      | 0 ||| qw: Always use a shield: true
     0 | D:1      | 0 ||| qw: God list: Okawaru
     0 | D:1      | 0 ||| qw: Allow faded altars: false
     0 | D:1      | 0 ||| qw: Do Orc after D:15 true
     0 | D:1      | 0 ||| qw: Do second Lair branch before Depths: true
     0 | D:1      | 0 ||| qw: Lair rune preference: random
     0 | D:1      | 0 ||| qw: Plans: Normal, Zot:1-4, Slime:5, God:TSO, Crypt,
                  | Tomb, Abyss, Pan, Hells, Win
     0 | D:1      | 0 ||| PLANNING D:1-11
   244 | D:1      | Reached XP level 2. HP: 17/17 MP: 2/2
   790 | D:1      | 790 ||| UPGRADING to amulet of guardian spirit.
   795 | D:1      | 795 ||| READING scroll labelled HANGIA FIEKY.
   796 | D:1      | 796 ||| READING scroll labelled ODENI HANYC.
   797 | D:1      | 797 ||| READING scroll labelled EKHAYRA ALAEM.
   798 | D:1      | 798 ||| DROPPING scroll of butterflies.
  1098 | D:2      | Reached XP level 3. HP: 21/21 MP: 3/3
  1121 | D:2      | Reached skill level 5 in Ranged Weapons
  1612 | D:2      | 1612 ||| UPGRADING to +0 ring mail of poison resistance.
  1622 | D:2      | 1622 ||| DROPPING +0 leather armour.
  1623 | D:2      | 1623 ||| UPGRADING to amulet of reflection.
  1633 | D:2      | 1633 ||| DROPPING amulet of guardian spirit.
  1634 | D:2      | 1634 ||| UPGRADING to +5 ring of evasion.
  1692 | D:3      | Reached skill level 1 in Armour
  1692 | D:3      | Reached XP level 4. HP: 25/27 MP: 4/4
  1787 | D:3      | Reached skill level 3 in Fighting
  2371 | D:3      | 2371 ||| UPGRADING to +0 leather armour of fire resistance.
  2381 | D:3      | 2381 ||| DROPPING ring of wizardry.
  2382 | D:3      | 2382 ||| READING scroll labelled NADGHE SISELETA.
  2405 | D:4      | Reached XP level 5. HP: 29/32 MP: 5/5
  2448 | D:4      | Found a snail-covered altar of Cheibriados.
  2472 | D:4      | Reached skill level 6 in Ranged Weapons
  2676 | D:4      | Reached XP level 6. HP: 38/38 MP: 6/6
  2780 | D:4      | Noticed Natasha
  2787 | D:4      | Killed Natasha
  2913 | D:4      | Noticed Natasha
  2916 | D:4      | 2916 ||| Stepping ~*~*~tactically~*~*~ (outnumbered).
  2921 | D:4      | Killed Natasha
  3045 | D:4      | 3045 ||| READING scroll labelled FOUMPOKKU PEGULI.
  3046 | D:4      | 3046 ||| READING scroll labelled YDANWA NUDAMM.
  3047 | D:4      | 3047 ||| READING scroll labelled IQOYRH ADGHUIXT.
  3048 | D:4      | 3048 ||| READING scroll labelled TUNOLE IFRIJIW.
  3049 | D:4      | 3049 ||| DRINKING 2 emerald potions.
  3077 | D:5      | Entered Level 5 of the Dungeon
  3371 | D:5      | Reached skill level 7 in Ranged Weapons
  3419 | D:5      | Reached XP level 7. HP: 43/43 MP: 7/7
  3591 | D:5      | Found a staircase to the Ecumenical Temple.
  3592 | D:5      | 3592 ||| PLANNING TEMPLE
  3592 | D:5      | 3592 ||| UPGRADING to +0 pair of gloves.
  3597 | D:5      | 3597 ||| READING scroll labelled GYSUSA LOPRUE.
  3598 | D:5      | 3598 ||| READING 2 scrolls of identify.
  3598 | D:5      | 3598 ||| IDENTIFYING murky brown potion
  3599 | D:5      | 3599 ||| DROPPING potion of invisibility.
  3610 | Temple   | Entered the Ecumenical Temple
  3787 | Temple   | 3787 ||| PLANNING D:1-11
  4345 | D:5      | 4345 ||| DROPPING amulet of regeneration.
  4346 | D:5      | 4346 ||| UPGRADING to ring of willpower.
  4497 | D:6      | Found an opulent altar of Gozag.
  4505 | D:6      | Found an iron altar of Okawaru.
  4505 | D:6      | Found a hazy altar of Hepliaklqana.
  4506 | D:6      | 4506 ||| PLANNING OKAWARU WORSHIP
  4506 | D:6      | Found a white marble altar of Elyvilon.
  4513 | D:6      | Became a worshipper of Warmaster Okawaru
  4514 | D:6      | 4514 ||| PLANNING D:1-11
  4559 | D:6      | Reached skill level 8 in Ranged Weapons
  4693 | D:6      | 4693 ||| FLEEEEING.
  5012 | D:6      | 5012 ||| READING 2 scrolls of identify.
  5012 | D:6      | 5012 ||| IDENTIFYING fuming blue potion
  5055 | D:7      | 5055 ||| Stepping ~*~*~tactically~*~*~ (outnumbered).
  5063 | D:7      | Reached XP level 8. HP: 25/49 MP: 8/8
  5066 | D:7      | HP: 11/49 [killer bee (8)]
  5067 | D:7      | 5067 ||| READING scroll of teleportation.
  5070 | D:7      | HP: 3/49 [killer bee (7)]
  5072 | D:7      | 5072 ||| FLEEEEING.
  5078 | D:7      | HP: 2/49 [killer bee (3)]
  5080 | D:7      | Slain by a killer bee

Levels and vault maps discovered:
D:1:      scummos_arrival_forest, layout_basic, minivault_27
D:2:      layout_basic, nicolae_concentric_dashed_squares_wild
D:3:      layout_basic
D:4:      layout_cave_pools, slow_altar_1, uniq_natasha
D:5:      layout_basic, minmay_temple_entry_statues_fountains,
          kennysheep_generic_room_8
D:6:      layout_gridville, chequers_temple_overflow_statue_of_worship
D:7:      layout_loops_cross, serial_shops, shop, nicolae_figureground_sparkle,
          uniq_pikel
Temple:   nicolae_temple_bog_church

Skill      XL: |  1  2  3  4  5  6  7 |
---------------+----------------------+-----
Ranged Weapons | 5 6 7 8 |  8.2
Armour         | 1 |  1.0
Fighting       | 3 4 5 |  5.2
Dodging        | 2 |  2.3
Stealth        | |  1.1

Action                     |  1- 3 |  4- 6 |  7- 9 || total
---------------------------+-------+-------+-------++-------
   Fire: Shortbow          |   117 |   220 |   129 ||   466
    Use: Scroll            |     3 |     5 |     4 ||    12
         Potion            |       |     1 |       ||     1
 Armour: Leather armour    |    22 |    17 |    24 ||    63
         Ring mail         |       |     9 |       ||     9
  Dodge: Dodged            |    36 |    88 |    66 ||   190
  Block: Other             |     2 |    29 |    14 ||    45

Table legend:
 A = Non-vault XP
 B = Vault XP
 C = Vault XP percentage of total XP
 D = Non-vault monster count
 E = Vault monster count
 F = Vault count percentage of total count
                 A         B        C        D         E       F
            +---------+---------+-------+---------+---------+-------
      Total |    1082 |     160 |  12.9 |      84 |       3 |   3.4
            +---------+---------+-------+---------+---------+-------
        D:1 |      22 |       0 |   0.0 |      13 |       0 |   0.0
        D:2 |      51 |       0 |   0.0 |      15 |       0 |   0.0
        D:3 |      84 |       0 |   0.0 |      18 |       0 |   0.0
        D:4 |     196 |      73 |  27.1 |      14 |       2 |  12.5
        D:5 |     313 |      87 |  21.8 |      11 |       1 |   8.3
        D:6 |     372 |       0 |   0.0 |      11 |       0 |   0.0
        D:7 |      44 |       0 |   0.0 |       2 |       0 |   0.0
            +---------+---------+-------+---------+---------+-------
